[Event "Tuesday 03 April Rapid Engine Tour12+1 Rounds 9 Starts 1600ST"]
[Site "Infinity Chess"]
[Date "2018.4.3"]
[Round "7"]
[White "Mr Aj"]
[Black "THE_MACHINE"]
[Result "1/2-1/2"]
[ECO "D30"]
[WhiteElo "2454"]
[BlackElo "2491"]
[WhiteEngine "Houdini 6_CTG"]
[BlackEngine "BrainFish_180401_x64_bmi2"]
[EventType "Swiss"]
[WhiteTeam ""]
[BlackTeam ""]
[PlyCount "114"]
[TimeControl "720+1"]

1. d4 d5 2. c4 e6 3. Nf3 Nf6 4. Nc3 dxc4 5. e4 Bb4 6. Bg5 c5 7. Bxc4 cxd4 
8. Nxd4 Bxc3+ 9. bxc3 Qa5 10. Bb5+ Bd7 11. Bxf6 gxf6 12. Bxd7+ Nxd7 13. O-O a6 
14. Rb1 Qc7 15. Qh5 Nc5 16. Rfe1 O-O-O 17. Qf3 Qe5 18. Qe3 Rd7 19. Nf3 Qc7 
20. Qh6 Qd8 21. Nd4 Rc7 22. g3 Nd7 23. Red1 Qf8 24. Qh5 Rg8 25. Nf3 Rh8 
26. Rb3 Kb8 27. Kg2 Nc5 28. Rb4 Qe7 29. a4 a5 30. Rbd4 e5 31. Rd5 Nxe4 
32. Nxe5 Nxc3 33. Nd7+ Rxd7 34. Rxd7 Qe4+ 35. Qf3 Qxf3+ 36. Kxf3 Nxd1 
37. Rxd1 Re8 38. Rd5 Re5 39. Rd7 b5 40. axb5 Rxb5 41. Rxf7 a4 42. Rxf6 Kb7 
43. Rh6 a3 44. Rxh7+ Kb6 45. Rh6+ Ka5 46. Rh8 Kb4 47. Ra8 Ra5 48. Rb8+ Kc3 
49. Rc8+ Kb2 50. Rb8+ Kc3 51. Rc8+ Kb2 52. Rb8+ Kc1 53. Rc8+ Kb1 54. Rb8+ Kc1 
55. Rc8+ Kb1 56. Rb8+ Kc2 57. Rc8+ Kb1 1/2-1/2

[Event "Tuesday 03 April Rapid Engine Tour12+1 Rounds 9 Starts 1600ST"]
[Site "Infinity Chess"]
[Date "2018.4.3"]
[Round "6"]
[White "hafaba"]
[Black "KULLANI"]
[Result "1-0"]
[ECO "B90"]
[WhiteElo "2411"]
[BlackElo "2424"]
[WhiteEngine "Eman 1.70-beta13 64-bit POPCNT"]
[BlackEngine "BrainFish_180329_x64"]
[EventType "Swiss"]
[WhiteTeam ""]
[BlackTeam ""]
[PlyCount "108"]
[TimeControl "720+1"]

1. e4 c5 2. Nf3 d6 3. d4 cxd4 4. Nxd4 Nf6 5. Nc3 a6 6. h3 e5 7. Nde2 b5 8. g4 b4 
9. Nd5 Nxd5 10. Qxd5 Ra7 11. Qb3 Be6 12. Qxb4 d5 13. Qa4+ Bd7 14. Qb3 d4 
15. Ng3 Bc5 16. Nf5 O-O 17. Qf3 Nc6 18. a3 a5 19. Bd3 a4 20. h4 Be6 21. Qg2 Qa5+ 
22. Ke2 Ne7 23. h5 Qc7 24. Rg1 f6 25. Bd2 Kh8 26. f4 Nc6 27. g5 exf4 
28. gxf6 gxf6 29. h6 Bxf5 30. exf5 f3+ 31. Kxf3 Ne5+ 32. Kf2 Qd7 33. Qh3 Qb7 
34. Rab1 Nxd3+ 35. cxd3 Qb3 36. Qg3 Qd5 37. Qf3 Qb3 38. Qg3 Rfa8 39. Rbe1 Qxb2 
40. Re2 Qb8 41. Bf4 Qf8 42. Re6 Rf7 43. Qg2 Bxa3 44. Qc6 Bb4 45. Rb1 Rd8 
46. Qxa4 Ba3 47. Rb8 Rxb8 48. Bxb8 Qg8 49. Qxa3 Qxb8 50. Qd6 Rf8 51. Qxb8 Rxb8 
52. Rxf6 Re8 53. Re6 Rf8 54. Kg3 Rb8 1-0

[Event "Tuesday 03 April Rapid Engine Tour12+1 Rounds 9 Starts 1600ST"]
[Site "Infinity Chess"]
[Date "2018.4.3"]
[Round "6"]
[White "ludimilojko"]
[Black "IronMan"]
[Result "1/2-1/2"]
[ECO "A40"]
[WhiteElo "2280"]
[BlackElo "2456"]
[WhiteEngine "CorChess 2.2 020418 _x64_CTG"]
[BlackEngine "Eman 1.70-beta13 64-bit BMI2"]
[EventType "Swiss"]
[WhiteTeam ""]
[BlackTeam ""]
[PlyCount "94"]
[TimeControl "720+1"]

1. d4 c6 2. e4 d5 3. e5 c5 4. dxc5 e6 5. a3 Bxc5 6. Nf3 Ne7 7. b4 Bb6 8. Bb2 O-O 
9. Nbd2 a5 10. Bd3 Ng6 11. h4 axb4 12. axb4 Rxa1 13. Qxa1 Nf4 14. Bf1 Nh5 
15. g3 Qe7 16. b5 Nd7 17. Bd4 Bxd4 18. Qxd4 f6 19. Bh3 fxe5 20. Nxe5 Nxe5 
21. Qxe5 Nf6 22. O-O Kh8 23. c4 Qb4 24. Qe2 Bd7 25. Rb1 Qc5 26. cxd5 exd5 
27. Bxd7 Nxd7 28. Nf3 h6 29. Kg2 Nf6 30. Ne5 Re8 31. Nd3 Qd4 32. Rb4 Rxe2 
33. Rxd4 g5 34. hxg5 hxg5 35. Nc5 Rb2 36. Nxb7 Ne4 37. Rxd5 Rxf2+ 38. Kg1 Rb2 
39. g4 Kg7 40. Nc5 Nc3 41. Rxg5+ Kh6 42. Re5 Rxb5 43. Kg2 Kg7 44. Kf3 Kg6 
45. Kg2 Ne4 46. Re6+ Kf7 47. Rxe4 Rxc5 1/2-1/2

[Event "Tuesday 03 April Rapid Engine Tour12+1 Rounds 9 Starts 1600ST"]
[Site "Infinity Chess"]
[Date "2018.4.3"]
[Round "6"]
[White "beka"]
[Black "CrapCleaner"]
[Result "0-1"]
[ECO "A20"]
[WhiteElo "2377"]
[BlackElo "2401"]
[WhiteEngine "stockfish_18032408_32bit"]
[BlackEngine "Raubfisch ME262_GTZ16e2_CTG"]
[EventType "Swiss"]
[WhiteTeam ""]
[BlackTeam ""]
[PlyCount "180"]
[TimeControl "720+1"]

1. c4 e5 2. g3 Nf6 3. Bg2 d5 4. cxd5 Nxd5 5. Nf3 Nc6 6. O-O Nb6 7. b3 f6 
8. Bb2 Be7 9. d4 e4 10. Ne1 f5 11. f3 exf3 12. Bxf3 O-O 13. Ng2 Re8 14. e3 Nb4 
15. Na3 N6d5 16. Nc4 Nf6 17. Nf4 c6 18. Qe2 Nbd5 19. Nd3 a5 20. Bg2 g6 
21. a3 Bf8 22. Rae1 b6 23. Nde5 Qc7 24. Qf2 Bg7 25. Rc1 Bb7 26. g4 b5 
27. gxf5 bxc4 28. fxg6 hxg6 29. bxc4 Ne7 30. Qg3 Rab8 31. Bc3 Bc8 32. Qh4 Qd6 
33. c5 Qe6 34. e4 Rb3 35. a4 Ra3 36. Kh1 Nh5 37. Qg5 Bxe5 38. dxe5 Qg4 
39. Qxg4 Bxg4 40. Bxa5 Rxa4 41. Bd2 Nc8 42. Be3 Ra3 43. Rce1 Na7 44. Kg1 Nb5 
45. h3 Be6 46. Kh2 Rc3 47. Rf3 Ra8 48. Ref1 Ra2 49. Kg1 Re2 50. Bg5 Rcc2 
51. Bh1 Ra2 52. h4 Kh7 53. Rc1 Nd4 54. Rd3 Nb3 55. Rcd1 Nxc5 56. R3d2 Raxd2 
57. Rxd2 Re1+ 58. Kh2 Nxe4 59. Bxe4 Rxe4 60. Kg1 Bd5 61. Kf2 Rxe5 62. Rb2 Nf6 
63. Kg1 Rf5 64. Rb7+ Kg8 65. Rb8+ Kf7 66. Rb1 Ne4 67. Be3 Ke6 68. Re1 Rh5 
69. Rc1 Rxh4 70. Ba7 c5 71. Bxc5 Nxc5 72. Rxc5 g5 73. Rc7 g4 74. Rg7 Kf5 
75. Rd7 Ke5 76. Kf2 Rh2+ 77. Ke3 Rh3+ 78. Ke2 g3 79. Ke3 g2+ 80. Kf2 Rf3+ 
81. Kxg2 Rf7+ 82. Rxd5+ Kxd5 83. Kh3 Rg7 84. Kh4 Ke5 85. Kh5 Kf5 86. Kh4 Rg8 
87. Kh3 Kf4 88. Kh2 Kf3 89. Kh1 Kf2 90. Kh2 Rh8# 0-1

[Event "Tuesday 03 April Rapid Engine Tour12+1 Rounds 9 Starts 1600ST"]
[Site "Infinity Chess"]
[Date "2018.4.3"]
[Round "6"]
[White "KillBill2017"]
[Black "Dovahkiin"]
[Result "1/2-1/2"]
[ECO "B90"]
[WhiteElo "2421"]
[BlackElo "2389"]
[WhiteEngine "Raubfisch X37f_CTG"]
[BlackEngine "BrainFish_180329_x64_modern_CTG"]
[EventType "Swiss"]
[WhiteTeam ""]
[BlackTeam ""]
[PlyCount "79"]
[TimeControl "720+1"]

1. e4 c5 2. Nf3 d6 3. d4 cxd4 4. Nxd4 Nf6 5. Nc3 a6 6. Be3 e5 7. Nb3 Be6 
8. f3 h5 9. Qd2 Nbd7 10. Nd5 Bxd5 11. exd5 g6 12. Be2 Bg7 13. O-O b6 14. c4 O-O 
15. Rae1 Re8 16. Bf2 Qc7 17. Kh1 Rac8 18. Bg1 a5 19. Qd1 Bh6 20. Nd2 Nc5 
21. Bf2 e4 22. Bd4 exf3 23. gxf3 Bg7 24. f4 Nfe4 25. Bg1 f5 26. Bxc5 Qxc5 
27. Nxe4 Rxe4 28. Bd3 Rxe1 29. Qxe1 Rf8 30. Rg1 Rf6 31. Qe8+ Kh7 32. Bxf5 gxf5 
33. Qxh5+ Rh6 34. Qxf5+ Kh8 35. Qd7 Qd4 36. Qc8+ Kh7 37. Qf5+ Kh8 38. Qc8+ Kh7 
39. Qf5+ Kh8 40. Qc8+ 1/2-1/2

[Event "Tuesday 03 April Rapid Engine Tour12+1 Rounds 9 Starts 1600ST"]
[Site "Infinity Chess"]
[Date "2018.4.3"]
[Round "6"]
[White "angriff"]
[Black "ocirema"]
[Result "1/2-1/2"]
[ECO "B90"]
[WhiteElo "2403"]
[BlackElo "2434"]
[WhiteEngine "DracoREX 3.07 64BIT POPCNT_CTG"]
[BlackEngine "stockfish_18040300_x64_modern_CTG"]
[EventType "Swiss"]
[WhiteTeam ""]
[BlackTeam ""]
[PlyCount "127"]
[TimeControl "720+1"]

1. e4 c5 2. Nf3 d6 3. d4 cxd4 4. Nxd4 Nf6 5. Nc3 a6 6. Be3 e5 7. Nb3 Be6 
8. Be2 Be7 9. Qd3 O-O 10. O-O Nc6 11. a3 Rc8 12. Nd5 Nd7 13. h3 Bg5 14. Bg4 Bxg4 
15. hxg4 Bxe3 16. Nxe3 Qg5 17. f3 h5 18. gxh5 Nf6 19. h6 g6 20. Qd2 Qxh6 
21. Rf2 Kg7 22. Nf1 Rfd8 23. Rd1 d5 24. exd5 Nxd5 25. Qxh6+ Kxh6 26. Rfd2 Nb6 
27. Rxd8 Rxd8 28. Rxd8 Nxd8 29. Nc5 Nc4 30. Nd3 Ne6 31. Kf2 Nf4 32. Nc5 Ne6 
33. Nxb7 Nxb2 34. Ne3 f5 35. Nd6 Kg7 36. Ke1 Nd4 37. Kd2 Kf6 38. Kc3 Ke6 
39. Nb7 f4 40. Nc5+ Kd6 41. Ne4+ Ke6 42. Ng5+ Kf6 43. Ng4+ Kxg5 44. Nxe5 Nxc2 
45. Kxc2 Kf5 46. Nc6 Nc4 47. a4 Ne3+ 48. Kd2 Ke6 49. g4 Kd6 50. Nb4 Nc4+ 
51. Kd3 Nb2+ 52. Kd4 a5 53. Nd5 Nxa4 54. Nxf4 Nb6 55. Nxg6 a4 56. Kc3 Nd5+ 
57. Kc4 Nb6+ 58. Kb4 Ke6 59. Ka3 Kf6 60. Nh4 Nc4+ 61. Kxa4 Ne3 62. Kb5 Kg5 
63. Nf5 Nxf5 64. gxf5 1/2-1/2

[Event "Tuesday 03 April Rapid Engine Tour12+1 Rounds 9 Starts 1600ST"]
[Site "Infinity Chess"]
[Date "2018.4.3"]
[Round "6"]
[White "Vimtiroba"]
[Black "Mr Aj"]
[Result "0-1"]
[ECO "B90"]
[WhiteElo "2427"]
[BlackElo "2438"]
[WhiteEngine "SF9 ''C1''_CTG"]
[BlackEngine "Houdini 6_CTG"]
[EventType "Swiss"]
[WhiteTeam ""]
[BlackTeam ""]
[PlyCount "202"]
[TimeControl "720+1"]

1. e4 c5 2. Nf3 d6 3. d4 cxd4 4. Nxd4 Nf6 5. Nc3 a6 6. Be3 e5 7. Nb3 Be6 
8. f3 Nbd7 9. Qd2 h5 10. Nd5 Bxd5 11. exd5 g6 12. Be2 Bg7 13. O-O b6 14. c4 O-O 
15. Bf2 Kh7 16. Be3 a5 17. a4 Qc7 18. Rae1 Rae8 19. Kh1 Kg8 20. Qc1 Qc8 
21. Bg1 Qd8 22. Bf2 Nh7 23. Bd3 Bf6 24. Qd1 Bg5 25. Nc1 h4 26. Bc2 Ndf6 
27. Bb1 Nh5 28. Ne2 f5 29. Qb3 Bd2 30. Rd1 Bb4 31. Qe3 Bc5 32. Qh6 Bxf2 
33. Rxf2 Qf6 34. Qe3 Rb8 35. Kg1 Rf7 36. Bc2 Nf8 37. Rb1 Nd7 38. b4 axb4 
39. Rxb4 Kg7 40. Qd2 Re7 41. Nc3 Ree8 42. Rf1 Nf4 43. Nb5 Qg5 44. Rf2 Qe7 
45. Kh1 Nf6 46. Kg1 N6h5 47. Qe1 Qg5 48. Nxd6 Nh3+ 49. Kf1 Nxf2 50. Nxe8+ Rxe8 
51. Kxf2 e4 52. fxe4 fxe4 53. Rxb6 e3+ 54. Kg1 Nf4 55. g3 Qg4 56. h3 Nxh3+ 
57. Kh2 hxg3+ 58. Qxg3 Qe2+ 59. Qg2 Qxg2+ 60. Kxg2 e2 61. Rb1 e1=Q 62. Rxe1 Rxe1 
63. Kxh3 Rc1 64. Be4 Rxc4 65. Bf3 Rxa4 66. Kg3 g5 67. Bg4 Rd4 68. Be6 Kg6 
69. Kf3 Kh5 70. Ke3 Rb4 71. Bc8 Rb8 72. Bd7 g4 73. Kf4 Rb4+ 74. Ke5 g3 
75. Bh3 Rb2 76. d6 Re2+ 77. Kd5 Kg6 78. d7 Kf7 79. d8=N+ Kf6 80. Nc6 Rh2 
81. Bf1 Rf2 82. Bh3 Kg5 83. Ne7 Kh4 84. Bc8 g2 85. Nf5+ Rxf5+ 86. Bxf5 g1=Q 
87. Bd7 Qb6 88. Be6 Kg5 89. Ke5 Qb4 90. Bd5 Qc5 91. Ke4 Kf6 92. Ba8 Qb4+ 
93. Kd3 Qa3+ 94. Kc2 Qxa8 95. Kc3 Qa4 96. Kb2 Qc4 97. Kb1 Qe2 98. Ka1 Ke5 
99. Kb1 Kd4 100. Ka1 Kc3 101. Kb1 Qb2# 0-1

[Event "Tuesday 03 April Rapid Engine Tour12+1 Rounds 9 Starts 1600ST"]
[Site "Infinity Chess"]
[Date "2018.4.3"]
[Round "6"]
[White "RonWeasley"]
[Black "star99"]
[Result "1/2-1/2"]
[ECO "A50"]
[WhiteElo "2442"]
[BlackElo "2417"]
[WhiteEngine "BrainFish 010418 WM_CTG"]
[BlackEngine "Cryptic Heroes 9.2B"]
[EventType "Swiss"]
[WhiteTeam ""]
[BlackTeam ""]
[PlyCount "126"]
[TimeControl "720+1"]

1. d4 Nf6 2. c4 c6 3. Nf3 d5 4. e3 Bf5 5. Nc3 e6 6. Nh4 Be4 7. f3 Bg6 
8. Nxg6 hxg6 9. Qb3 Qc7 10. Bd2 a6 11. c5 Nbd7 12. O-O-O b6 13. cxb6 Nxb6 
14. Kb1 Rb8 15. Qc2 Qb7 16. Rc1 Be7 17. h4 O-O 18. g4 Rfc8 19. Ka1 c5 
20. Rb1 Bf8 21. h5 g5 22. Bd3 Nc4 23. Bxc4 dxc4 24. Ne4 Nxe4 25. fxe4 a5 
26. Bc3 a4 27. a3 Qb3 28. Rbc1 cxd4 29. exd4 Rb5 30. Qd1 Rcb8 31. Rh2 Bd6 
32. Rf2 f6 33. Re2 Bf4 34. Rcc2 R5b7 35. h6 Rd7 36. Qh1 g6 37. d5 Qb6 
38. Qd1 Rf8 39. Qd4 Qxd4 40. Bxd4 e5 41. Bc5 Rc8 42. Rxc4 Rdc7 43. Rec2 Be3 
44. d6 Rxc5 45. Rxc5 Bxc5 46. Kb1 Rd8 47. Rxc5 Rxd6 48. Rc4 Ra6 49. Rc7 Rd6 
50. b3 axb3 51. Kb2 Rd4 52. Kxb3 Rxe4 53. Rg7+ Kh8 54. Rxg6 Rf4 55. Rg7 Rxg4 
56. a4 Rh4 57. a5 Rxh6 58. Re7 f5 59. Rxe5 Rf6 60. a6 Rxa6 61. Rxf5 Rg6 
62. Kc4 g4 63. Rh5+ Kg7 1/2-1/2

[Event "Tuesday 03 April Rapid Engine Tour12+1 Rounds 9 Starts 1600ST"]
[Site "Infinity Chess"]
[Date "2018.4.3"]
[Round "6"]
[White "Prometheus"]
[Black "Thinker"]
[Result "1/2-1/2"]
[ECO "C77"]
[WhiteElo "2446"]
[BlackElo "2451"]
[WhiteEngine "Eman 1.70-beta13 64-bit BMI2"]
[BlackEngine "BrainFish_180329_x64_modern_CTG"]
[EventType "Swiss"]
[WhiteTeam ""]
[BlackTeam ""]
[PlyCount "74"]
[TimeControl "720+1"]

1. e4 e5 2. Nf3 Nc6 3. Bb5 a6 4. Ba4 Nf6 5. O-O Be7 6. Re1 b5 7. Bb3 O-O 
8. h3 Bb7 9. d3 d5 10. exd5 Nxd5 11. a4 Nd4 12. Nbd2 Nxb3 13. Nxb3 f6 
14. Na5 Qc8 15. Bd2 Nb6 16. Nxb7 Qxb7 17. Nh4 Nxa4 18. Nf5 Rf7 19. d4 Bd6 
20. Qg4 Kh8 21. b3 Nb6 22. Re3 Re8 23. dxe5 fxe5 24. Rf3 Bc5 25. Bc3 Qa8 
26. b4 Bf8 27. Nh4 Qd5 28. Rxa6 Rxf3 29. Nxf3 Qd1+ 30. Kh2 e4 31. Nd4 Bd6+ 
32. g3 Qf1 33. Nf5 Qxf2+ 34. Kh1 Qf1+ 35. Kh2 Qf2+ 36. Kh1 Qf1+ 37. Kh2 Qf2+ 
1/2-1/2

[Event "Tuesday 03 April Rapid Engine Tour12+1 Rounds 9 Starts 1600ST"]
[Site "Infinity Chess"]
[Date "2018.4.3"]
[Round "6"]
[White "KRAKEN"]
[Black "MGR"]
[Result "1/2-1/2 "]
[ECO "A40"]
[WhiteElo "2470"]
[BlackElo "2449"]
[WhiteEngine "Raubfisch X38_CTG"]
[BlackEngine "CF 180327 64 POP N"]
[EventType "Swiss"]
[WhiteTeam ""]
[BlackTeam ""]
[PlyCount "148"]
[TimeControl "720+1"]

1. d4 e6 2. e4 d5 3. Nc3 Nf6 4. e5 Nfd7 5. f4 c5 6. Nf3 Nc6 7. Be3 Qb6 
8. Na4 Qa5+ 9. c3 cxd4 10. b4 Qc7 11. Nxd4 Nxd4 12. Bxd4 b6 13. Bd3 Be7 
14. Rc1 g6 15. O-O Bb7 16. Qe2 O-O 17. f5 exf5 18. e6 fxe6 19. Qxe6+ Rf7 
20. Bxf5 Bf6 21. Bxf6 Nf8 22. Bd4 gxf5 23. Qe2 Qd7 24. Nb2 Re8 25. Qd2 Ba6 
26. Rf2 f4 27. a4 Ng6 28. b5 Bc8 29. Nd3 Qg4 30. Rcf1 Re4 31. Ne1 Nh4 
32. Qa2 Qg5 33. Kh1 Nf5 34. Nf3 Qh5 35. Kg1 Ne3 36. Re1 Bd7 37. a5 Rfe7 
38. axb6 axb6 39. h4 h6 40. Nd2 R4e6 41. Qa8+ Qe8 42. Qxe8+ Rxe8 43. Rxf4 Bxb5 
44. Kf2 Nc2 45. Rxe6 Rxe6 46. Nf3 Re2+ 47. Kg3 Re6 48. Rg4+ Kf8 49. Rf4+ Kg8 
50. Rg4+ Kf8 51. Bg7+ Ke7 52. Bh8 Be8 53. Rg7+ Kd6 54. Rh7 Kc5 55. Be5 b5 
56. Kf4 b4 57. cxb4+ Nxb4 58. Kf5 Ra6 59. Rc7+ Nc6 60. Ke6 Kc4 61. Bd6 d4 
62. Rc8 Bg6 63. Ne5+ Kb5 64. Nxg6 d3 65. Rf8 Nd4+ 66. Kd5 d2 67. Rf1 Nf5 
68. Rb1+ Ka4 69. Bf4 Rxg6 70. g3 Rg7 71. Kc4 Rxg3 72. Bxg3 Ne3+ 73. Kc5 d1=R 
74. Rxd1 Nxd1 1/2-1/2

[Event "Tuesday 03 April Rapid Engine Tour12+1 Rounds 9 Starts 1600ST"]
[Site "Infinity Chess"]
[Date "2018.4.3"]
[Round "6"]
[White "Brtroy"]
[Black "SkyPilot"]
[Result "1/2-1/2"]
[ECO "C58"]
[WhiteElo "2500"]
[BlackElo "2493"]
[WhiteEngine "Stockfish_18040103_x64_bmi2_CTG"]
[BlackEngine "stockfish_x64_bmi2_2018_03_30_CTG"]
[EventType "Swiss"]
[WhiteTeam ""]
[BlackTeam ""]
[PlyCount "272"]
[TimeControl "720+1"]

1. e4 e5 2. Nf3 Nc6 3. Bc4 Nf6 4. Ng5 d5 5. exd5 Na5 6. Bb5+ c6 7. dxc6 bxc6 
8. Be2 h6 9. Nh3 Bc5 10. d3 Nb7 11. O-O O-O 12. Nc3 Qc7 13. Kh1 Rd8 14. Qe1 Re8 
15. Ne4 Nxe4 16. dxe4 Nd6 17. f3 Bxh3 18. gxh3 a5 19. a4 Re6 20. h4 Bd4 
21. Rb1 Ne8 22. Bc4 Rf6 23. h5 Nd6 24. Be2 Qc8 25. Qg3 Qe6 26. b3 Kh7 
27. Rd1 Rg8 28. Rxd4 exd4 29. Bd3 g6 30. e5 Nf5 31. Qe1 Re8 32. f4 Qd5+ 
33. Qe4 Rfe6 34. Qxd5 cxd5 35. Bd2 Ra8 36. Kg2 Kg7 37. Rg1 Ne7 38. Kf3 Kf8 
39. b4 axb4 40. Bxb4 g5 41. fxg5 hxg5 42. a5 Rxe5 43. h4 Kg8 44. Bxe7 Re3+ 
45. Kf2 Rxe7 46. Rxg5+ Kh8 47. Rxd5 Re6 48. Rf5 Kg7 49. Kf3 Rd6 50. a6 f6 
51. Ra5 Kh6 52. Kg4 Ra7 53. Kf3 Ra8 54. Ke4 Re8+ 55. Kf4 Ra8 56. Kg3 Ra7 
57. Kh3 Re6 58. Kg4 Rd6 59. Kf4 Ra8 60. Ke4 Re8+ 61. Kf5 Ra8 62. Kf4 Ra7 
63. Kg4 Rg7+ 64. Kf3 Ra7 65. Ra4 Kxh5 66. Kf4 Ra8 67. Bc4 Kh6 68. Bd3 Kh5 
69. Ra1 Kh6 70. Ke4 Re8+ 71. Kf3 Ra8 72. Kf4 Ra7 73. Bc4 Rc6 74. Bd3 Rd6 
75. Ra2 Kh5 76. Ra5+ Kh6 77. Ra1 Ra8 78. Kf5 Kh5 79. Be2+ Kh6 80. Bc4 Rc6 
81. Bd3 Kh5 82. Kf4 Rd6 83. Ra5+ Kh6 84. Ke4 Re8+ 85. Kf3 Ra8 86. Ke2 Ra7 
87. Kf3 Ra8 88. Kf4 Ra7 89. Ke4 Re7+ 90. Kf3 Ra7 91. Ke4 Re7+ 92. Kf5 Ra7 
93. Ra2 Kh5 94. Kf4 Kh6 95. Ra5 Ra8 96. Kg4 Rg8+ 97. Kf5 Ra8 98. Ra4 Ra7 
99. Rb4 Ra8 100. Kf4 Ra7 101. Kf5 Ra8 102. Kf4 Ra7 103. Ra4 Kg7 104. Kf3 Kh6 
105. Kg4 Rd5 106. Kf4 Rh5 107. Kg3 Rd5 108. Kg4 Ra8 109. Bc4 Rc5 110. Rb4 Rf8 
111. Kf3 Ra5 112. Rb7 Ra8 113. Rc7 Re8 114. Rf7 Kg6 115. Kg2 d3 116. cxd3 Rh8 
117. Rd7 Rxh4 118. Kg3 Rh1 119. Kf4 Rf1+ 120. Ke3 Re1+ 121. Kf2 Rh1 122. Ke3 f5 
123. Rb7 Rh3+ 124. Kd4 Kg5 125. Kc3 Kf4 126. Kb4 Ra1 127. a7 Rhh1 128. Bb5 Rhb1+ 
129. Kc5 Ra5 130. d4 Ke4 131. d5 Rc1+ 132. Kb6 Rxa7 133. Rxa7 Kxd5 134. Ra5 f4 
135. Bf1+ Kd4 136. Be2 Rc3 1/2-1/2

[Event "Tuesday 03 April Rapid Engine Tour12+1 Rounds 9 Starts 1600ST"]
[Site "Infinity Chess"]
[Date "2018.4.3"]
[Round "6"]
[White "MarioDeMonti"]
[Black "Harry_Potter"]
[Result "1/2-1/2"]
[ECO "C53"]
[WhiteElo "2504"]
[BlackElo "2477"]
[WhiteEngine "stockfish_x64_bmi2_2018_02_18_CTG"]
[BlackEngine "asmFishW_2018-03-27_bmi2_CTG"]
[EventType "Swiss"]
[WhiteTeam ""]
[BlackTeam ""]
[PlyCount "49"]
[TimeControl "720+1"]

1. e4 e5 2. Nf3 Nc6 3. Bc4 Bc5 4. c3 Nf6 5. d3 d6 6. O-O a5 7. Nbd2 O-O 
8. h3 Be6 9. Bb5 h6 10. Re1 Qb8 11. Nf1 Qa7 12. Re2 a4 13. Ng3 Qa5 14. Bxc6 bxc6 
15. Nh4 Rfe8 16. Re1 d5 17. exd5 cxd5 18. Rxe5 Bf8 19. Qc2 c5 20. Bd2 c4 
21. dxc4 Nd7 22. Rh5 Nf6 23. Re5 Nd7 24. Rh5 Nf6 25. Re5 1/2-1/2

[Event "Tuesday 03 April Rapid Engine Tour12+1 Rounds 9 Starts 1600ST"]
[Site "Infinity Chess"]
[Date "2018.4.3"]
[Round "6"]
[White "MCDermont"]
[Black "ivrdurant"]
[Result "1/2-1/2"]
[ECO "E32"]
[WhiteElo "2500"]
[BlackElo "2474"]
[WhiteEngine "BrainFish 010418 WM_CTG"]
[BlackEngine "Raubfisch ME262_GTZ16d4"]
[EventType "Swiss"]
[WhiteTeam ""]
[BlackTeam ""]
[PlyCount "91"]
[TimeControl "720+1"]

1. d4 Nf6 2. c4 e6 3. Nc3 Bb4 4. Qc2 O-O 5. e4 d5 6. e5 Ne4 7. Bd3 c5 
8. Nf3 cxd4 9. Nxd4 Nd7 10. Bf4 Qh4 11. g3 Qh5 12. O-O g5 13. cxd5 Bxc3 
14. bxc3 exd5 15. Bxe4 dxe4 16. e6 gxf4 17. exd7 Bxd7 18. Qxe4 fxg3 19. fxg3 b6 
20. Nf5 Rae8 21. Ne7+ Kg7 22. Qd4+ f6 23. Rae1 Bh3 24. Rf4 Rd8 25. Rh4 Qf3 
26. Qe4 Qxe4 27. Rexe4 Rd1+ 28. Kf2 Bd7 29. Rd4 Rxd4 30. Rxd4 Be6 31. Nd5 Bxd5 
32. Rxd5 Rc8 33. Rd7+ Kg6 34. Rxa7 Rxc3 35. Re7 Ra3 36. Re2 b5 37. Kg2 Kf5 
38. Rf2+ Kg4 39. h3+ Kg5 40. h4+ Kg6 41. Rb2 b4 42. g4 h5 43. gxh5+ Kxh5 
44. Rxb4 f5 45. Kf2 Rxa2+ 46. Ke3 1/2-1/2

[Event "Tuesday 03 April Rapid Engine Tour12+1 Rounds 9 Starts 1600ST"]
[Site "Infinity Chess"]
[Date "2018.4.3"]
[Round "6"]
[White "THE_MACHINE"]
[Black "Marsell"]
[Result "1/2-1/2"]
[ECO "C55"]
[WhiteElo "2492"]
[BlackElo "2468"]
[WhiteEngine "BrainFish_180401_x64_bmi2"]
[BlackEngine "asmFishW_2018-04-02_bmi2"]
[EventType "Swiss"]
[WhiteTeam ""]
[BlackTeam ""]
[PlyCount "132"]
[TimeControl "720+1"]

1. e4 e5 2. Nf3 Nc6 3. Bc4 Nf6 4. d3 Bc5 5. c3 d6 6. O-O O-O 7. Nbd2 a6 
8. a4 Ne7 9. Re1 Ng6 10. Nf1 c6 11. h3 Ba7 12. Ba2 d5 13. exd5 Nxd5 14. d4 exd4 
15. Nxd4 Ndf4 16. Bxf4 Nxf4 17. Re4 Qf6 18. Ne3 Bb8 19. Kf1 Be5 20. a5 g6 
21. Qf3 Nd3 22. Ng4 Bxg4 23. Qxd3 Bf5 24. Nxf5 Qxf5 25. Bc4 Bg3 26. Re2 Qxd3 
27. Bxd3 Bd6 28. Bc4 Rfd8 29. Ke1 Re8 30. Kd2 Rxe2+ 31. Bxe2 Re8 32. Bd3 f5 
33. Kc2 Re7 34. Rd1 Bc7 35. Bc4+ Kg7 36. b4 Kh6 37. Kb3 Kh5 38. Rd4 Kg5 
39. g3 f4 40. Kb2 Be5 41. gxf4+ Bxf4 42. Kb3 Be5 43. Re4 Kf6 44. Re3 Bf4 
45. Rxe7 Kxe7 46. Be2 Bd2 47. Kc2 Be1 48. Bg4 Kd6 49. f4 c5 50. Kb3 cxb4 
51. cxb4 Kc7 52. f5 gxf5 53. Bxf5 h6 54. Bg4 Bd2 55. Bf3 b5 56. h4 Be1 
57. h5 Bg3 58. Bd1 Bf4 59. Bc2 Be5 60. Bb1 Bd6 61. Ba2 Bg3 62. Bb1 Be1 
63. Ba2 Bd2 64. Bb1 Be1 65. Ba2 Bd2 66. Bb1 Be1 1/2-1/2

[Event "Tuesday 03 April Rapid Engine Tour12+1 Rounds 9 Starts 1600ST"]
[Site "Infinity Chess"]
[Date "2018.4.3"]
[Round "5"]
[White "hafaba"]
[Black "IronMan"]
[Result "1/2-1/2"]
[ECO "B92"]
[WhiteElo "2409"]
[BlackElo "2458"]
[WhiteEngine "Eman 1.70-beta13 64-bit POPCNT"]
[BlackEngine "Eman 1.70-beta13 64-bit BMI2"]
[EventType "Swiss"]
[WhiteTeam ""]
[BlackTeam ""]
[PlyCount "129"]
[TimeControl "720+1"]

1. e4 c5 2. Nf3 d6 3. d4 cxd4 4. Nxd4 Nf6 5. Nc3 a6 6. Be2 e5 7. Nb3 Be7 
8. Be3 Be6 9. Qd3 Nc6 10. a3 Rc8 11. Nd5 O-O 12. Rd1 Bxd5 13. exd5 Na5 
14. Nxa5 Qxa5+ 15. b4 Qa4 16. c4 b5 17. c5 e4 18. Qb1 Qxa3 19. c6 Qc3+ 
20. Kf1 Qe5 21. Qa2 Ne8 22. h4 Nc7 23. Qd2 h5 24. g3 Bf6 25. g4 Qc3 
26. Qxc3 Bxc3 27. gxh5 f5 28. h6 Kh7 29. hxg7 Rf7 30. Rg1 Rxg7 31. Rxg7+ Kxg7 
32. f3 Bxb4 33. fxe4 fxe4 34. Bg4 Rf8+ 35. Ke2 Bc3 36. Rg1 Kh7 37. Be6 a5 
38. Rc1 b4 39. Bb6 Nb5 40. c7 b3 41. Rf1 b2 42. c8=Q Rxc8 43. Bxc8 Kh8 
44. Bf5 Be5 45. Kd2 a4 46. Bxe4 Nc3 47. Bg6 a3 48. h5 a2 49. h6 Kg8 50. Rf7 Ne4+ 
51. Ke2 Nf6 52. Rb7 Nh7 53. Bxh7+ Kf8 54. Bg6 b1=Q 55. Rb8+ Ke7 56. Bd8+ Kd7 
57. Rxb1 axb1=Q 58. Bxb1 Kxd8 59. Bd3 Bf4 60. h7 Be5 61. Bg6 Kd7 62. Bf7 Ke7 
63. Be6 Kf8 64. Kd3 Kg7 65. Bf5 1/2-1/2

[Event "Tuesday 03 April Rapid Engine Tour12+1 Rounds 9 Starts 1600ST"]
[Site "Infinity Chess"]
[Date "2018.4.3"]
[Round "5"]
[White "KULLANI"]
[Black "Dovahkiin"]
[Result "1/2-1/2"]
[ECO "D31"]
[WhiteElo "2426"]
[BlackElo "2387"]
[WhiteEngine "BrainFish_180329_x64"]
[BlackEngine "BrainFish_180329_x64_modern_CTG"]
[EventType "Swiss"]
[WhiteTeam ""]
[BlackTeam ""]
[PlyCount "137"]
[TimeControl "720+1"]

1. d4 d5 2. c4 e6 3. Nc3 c6 4. e4 dxe4 5. Nxe4 Bb4+ 6. Nc3 c5 7. a3 Ba5 
8. Nf3 Nf6 9. Be2 Ne4 10. Bd2 Bxc3 11. Bxc3 Nxc3 12. bxc3 cxd4 13. cxd4 O-O 
14. Qd3 Nc6 15. O-O b6 16. d5 Na5 17. Rfe1 Qf6 18. Qe4 Nb3 19. Rad1 Nc5 
20. Qe3 exd5 21. cxd5 Bd7 22. Ne5 Ba4 23. Rd4 Rfe8 24. Bd1 Bb5 25. a4 Nd3 
26. f4 Nxe1 27. axb5 Qd6 28. Qxe1 f6 29. Re4 a5 30. Qe3 a4 31. Bxa4 Rxa4 
32. Rxa4 Qxd5 33. Rd4 Qe6 34. Rd1 fxe5 35. fxe5 Qxe5 36. Qxb6 Qe2 37. Rb1 h6 
38. h3 Qe4 39. Rd1 Re5 40. Qc6 Qxc6 41. bxc6 Rc5 42. Rd6 Kf7 43. Kh2 Rc3 
44. Kg1 Ke8 45. Kf2 Ke7 46. Rd7+ Ke8 47. Rd6 Ke7 48. Rd7+ Ke8 49. Rc7 g5 
50. Ke1 Rc2 51. Kf1 Kf8 52. g4 Ke8 53. Ke1 Rc5 54. Kd1 Rd5+ 55. Ke2 Rd6 
56. Rc8+ Ke7 57. Ke3 Re6+ 58. Kd3 Kd6 59. Kd4 Re2 60. Rh8 Re6 61. Rc8 Re2 
62. Ra8 Kxc6 63. Ra6+ Kd7 64. Rxh6 Ke7 65. Rg6 Rh2 66. Rxg5 Rxh3 67. Ke5 Kf7 
68. Kf4 Rh6 69. Rc5 1/2-1/2